AoeStats
← kainann3

Arena

510214367Analyzed
4v4 RM · 1d ago on Sep 30, 2026· 40m 14s· 8 players
Game mode
Random Map
Map size
Large (8 player)
Population
200
Speed
Normal
Resources
Standard
Victory
Conquest
Starting age
Dark Age
Ending age
Imperial Age
RankedLock teamsTeams togetherTeam positionsShared explorationLock speedFull tech treeHidden civsTurbo modeCheats
Victory
Defeat
🇨🇳 Japanese · China
1160
+14
🇲🇽 Wu · Mexico
1153
+14
🇨🇿 Franks · Czechia
1076
+17
🇧🇷 Huns · Brazil
1034
+18
🇧🇷 Khmer · Brazil
1151
-18
🇨🇱 Persians · Chile
1108
-16
🇲🇽 Georgians · Mexico
1090
-15
🇵🇦 Burmese · Panama
1053
-14
Gilmarq97
7:52 Loom
10:35 Feudal Age
17:04 Castle Age
15:34 Double-Bit Axe
15:44 Gold Mining
15:50 Stone Mining
17:07 Horse Collar
17:46 Bloodlines
20:43 Wheelbarrow
19:53 Town Watch
20:52 Fletching
21:08 Scale Barding Armor
21:08 Husbandry
30:26 Hand Cart
30:12 Town Patrol
31:19 Forging
31:30 Chain Barding Armor
34:42 Imperial Age
33:50 Iron Casting
33:18 Bodkin Arrow
35:57 Conscription
35:48 Elite Monaspa
P2Phantom
11:17 Feudal Age
15:29 Castle Age
14:14 Horse Collar
19:36 Loom
22:48 Fletching
27:11 Wheelbarrow
31:11 Masonry
32:55 Treadmill Crane
33:48 Manipur Cavalry
33:57 Scale Barding Armor
36:05 Gold Mining
36:06 Stone Mining
36:49 Ballistics
37:19 Bloodlines
37:11 Husbandry
38:18 Hand Cart
jp.manhaes94
11:00 Feudal Age
15:00 Castle Age
13:17 Double-Bit Axe
13:50 Horse Collar
23:37 Loom
24:28 Wheelbarrow
23:39 Town Watch
24:53 Gold Mining
28:27 Imperial Age
27:58 Hand Cart
27:44 Town Patrol
30:06 Double Crossbow
31:53 Chemistry
31:32 Heavy Scorpion
34:02 Scale Mail Armor
34:13 Forging
33:55 Pikeman
34:21 Arson
RoroAPC
10:54 Feudal Age
15:06 Castle Age
13:30 Double-Bit Axe
14:06 Horse Collar
16:11 Husbandry
20:49 Loom
23:03 Bloodlines
25:21 Wheelbarrow
26:22 Heavy Plow
27:06 Hand Cart
29:52 Imperial Age
27:41 Bow Saw
28:56 Gold Mining
28:56 Stone Mining
28:45 Crossbowman
29:37 Fletching
29:47 Padded Archer Armor
30:33 Bodkin Arrow
30:19 Cavalier
31:25 Heavy Scorpion
34:08 Forging
34:03 Scale Barding Armor
34:09 Thumb Ring
34:50 Conscription
34:57 Capped Ram
35:14 Pikeman
35:55 Squires
35:56 Scale Mail Armor
37:25 Crop Rotation
38:51 Chemistry
38:12 Ballistics
39:17 Chain Mail Armor
38:56 Halberdier
oscabar85
10:37 Feudal Age
8:53 Loom
11:44 Double-Bit Axe
14:39 Castle Age
12:40 Horse Collar
14:16 Fletching
18:36 Bodkin Arrow
27:40 Red Cliffs Tactics
29:12 Bow Saw
29:47 Squires
32:38 Ballistics
34:42 Gold Mining
39:01 Imperial Age
39:48 Bracer
40:50 Chemistry
Deadshot
8:09 Loom
11:48 Feudal Age
12:55 Double-Bit Axe
15:25 Castle Age
16:45 Bow Saw
21:18 Wheelbarrow
22:46 Stone Mining
25:09 Gold Mining
26:08 Hand Cart
30:03 Imperial Age
28:46 Scale Barding Armor
28:52 Forging
28:33 Fletching
29:44 Husbandry
31:25 Gold Shaft Mining
31:13 Chain Barding Armor
30:54 Treadmill Crane
32:15 Chemistry
32:10 Conscription
32:12 Town Watch
31:53 Cavalier
34:04 Plate Barding Armor
34:06 Iron Casting
34:07 Paladin
37:13 Chivalry
40:22 Blast Furnace
39:46 Ballistics
39:38 Masonry
kainann3
11:02 Feudal Age
15:19 Castle Age
13:18 Double-Bit Axe
14:16 Horse Collar
15:17 Wheelbarrow
19:08 Bow Saw
24:29 Loom
24:59 Hand Cart
25:18 Gold Mining
25:21 Stone Mining
29:47 Imperial Age
27:28 Scale Barding Armor
29:31 Chain Barding Armor
29:12 Town Watch
29:29 Heavy Plow
29:52 Marauders
30:46 Gold Shaft Mining
30:02 Elite Tarkan
31:07 Atheism
31:05 Bloodlines
30:55 Husbandry
31:21 Forging
32:24 Plate Barding Armor
32:31 Conscription
34:58 Iron Casting
飞鱼
11:56 Feudal Age
15:56 Castle Age
13:50 Double-Bit Axe
16:22 Loom
25:41 Horse Collar
26:39 Scale Mail Armor
29:17 Chain Mail Armor
36:15 Imperial Age
35:04 Crossbowman
35:09 Elite Skirmisher
35:45 Fletching
36:52 Bow Saw
38:37 Bodkin Arrow
38:13 Pikeman
39:50 Conscription
Connection lost

Rejoining the realm…

Still unreachable

The connection could not be restored.

Session expired

The server has moved on; the page needs a fresh start.